 Dungeon Crawl Stone Soup version 0.28.0-43-g3370ac3207 (webtiles) character file.

Game seed: 15435064505524499457

8397 Faeu the Blocker (level 11, -7/153 HPs)
             Began as a Minotaur Fighter on Mar 25, 2022.
             Was an Elder of Trog.
             Mangled by an orc knight
             ... wielding a +0 great mace
              (12 damage)
             ... on level 2 of the Orcish Mines.
             The game lasted 00:57:42 (7982 turns).

Faeu the Blocker (Minotaur Fighter)                 Turns: 7982, Time: 00:57:43

Health: -7/153     AC: 25    Str: 24    XL:     11   Next: 9%
Magic:  10/10      EV:  2    Int:  9    God:    Trog [****..]
Gold:   865        SH:  6    Dex: 11    Spells: 10/10 levels left

rFire   + . .      SeeInvis .   A - +4 short sword of Fiobat {drain, rC+++ rN+ Will- Int+4, short}
rCold   + + +      Faith    .   c - +0 buckler
rNeg    + . .      Spirit   .   (armour currently unavailable)
rPois   +          Reflect  .   (helmet currently unavailable)
rElec   .          Harm     .   (cloak currently unavailable)
rCorr   .          Rampage  .   (gloves currently unavailable)
Will    .....      NoTele   +   (boots currently unavailable)
Stlth   +.........              l - amulet of regeneration {@e2}
HPRegen 1.15/turn               e - ring of protection from cold
MPRegen 0.12/turn               u - ring of protection from fire

@: tree-form
A: stationary, stasis, torment immunity, boosted hp, (horns 2), (retaliatory
headbutt)
a: Renounce Religion, Berserk, Trog's Hand, Brothers in Arms


You were on level 2 of the Orcish Mines.
You worshipped Trog.
Trog was greatly pleased with you.
You were a tree.
You visited 3 branches of the dungeon, and saw 12 of its levels.

You collected 1113 gold pieces.
You spent 248 gold pieces at shops.


Innate Abilities, Weirdness & Mutations

You are a tree.
Your roots penetrate the ground, keeping you stationary.
You cannot be teleported.
You are immune to unholy pain and torment.
Your maximum health is greatly increased.
Your equipment is partially melded.
((You have a pair of horns on your head.))
((You reflexively headbutt those who attack you in melee.))


   Skills:
 + Level 11.0 Fighting
 + Level 10.6 Long Blades
 + Level 11.0 Armour
 + Level 11.0 Shields


You had 10 spell levels left.
You didn't know any spells.
Your spell library contained the following spells:

 Spells                   Type           Power      Damage    Failure   Level
 Animate Skeleton         Necr           0%         N/A       43%         1
 Apportation              Tloc           0%         N/A       43%         1
 Beastly Appendage        Tmut           0%         N/A       43%         1
 Summon Small Mammal      Summ           0%         N/A       43%         1
 Ensorcelled Hibernation  Hex/Ice        0%         N/A       58%         2
 Wereblood                Tmut           0%         N/A       58%         2
 Spider Form              Tmut/Pois      0%         N/A       82%         3
 Anguish                  Hex/Necr       0%         N/A       99%         4
 Hailstorm                Conj/Ice       0%         3d3       99%         4
 Ice Form                 Ice/Tmut       0%         N/A       99%         4
 Alistair's Intoxication  Tmut/Pois      0%         N/A       100%        5
 Simulacrum               Ice/Necr       0%         N/A       100%        6

Inventory:

Hand Weapons
 a - a +0 long sword {long}
 v - a +2 hand axe of flaming {axe}
   (You took it off an orc on level 5 of the Dungeon)
 y - a +1 whip of electrocution {mace}
   (You took it off a gnoll on level 5 of the Dungeon)
 A - the +4 short sword of Fiobat (weapon) {drain, rC+++ rN+ Will- Int+4, short}
   (You found it on level 5 of the Dungeon)

   A truly terrible weapon, it drains the life of any living foe it strikes.
   Int:       It affects your intelligence (+4).
   rC:        It renders you almost immune to cold.
   rN:        It protects you from negative energy.
   Will:      It decreases your willpower.
 J - a +3 war axe {axe}
   (You found it on level 7 of the Dungeon)
 M - a +3 battleaxe {axe}
   (You took it off a wight on level 8 of the Dungeon)
 R - a +3 flail of freezing {mace}
   (You took it off a wight on level 8 of the Dungeon)
 U - a +5 dagger of flaming {short}
   (You took it off an orc wizard on level 2 of the Orcish Mines)
 V - a +0 great sword {long}
   (You took it off an orc knight on level 2 of the Orcish Mines)
Missiles
 d - a boomerang of dispersal {=f!fthrowing}
 h - 4 boomerangs (quivered) {throwing}
 B - 4 javelins {throwing}
 D - 6 poisoned darts {throwing}
 G - 3 throwing nets {=f!fthrowing}
 N - a curare-tipped dart {=fthrowing}
 S - 46 bolts
Armour
 c - a +0 buckler (worn)
 i - a +0 plate armour (melded)
   (You found it on level 1 of the Dungeon)
 p - a +0 chain mail of poison resistance
   (You took it off an orc on level 2 of the Orcish Mines)
 r - a +0 cloak (melded)
   (You found it on level 3 of the Dungeon)
 W - a +0 pair of boots of rampaging (melded)
   (You bought it in a shop on level 2 of the Orcish Mines)
Jewellery
 e - a ring of protection from cold (left branch)
   (You found it on level 1 of the Dungeon)
 l - an amulet of regeneration (around neck) {@e2}
   (You found it on level 2 of the Dungeon)
 u - a ring of protection from fire (right branch)
   (You took it off a gnoll on level 4 of the Dungeon)
 P - a ring of positive energy
   (You took it off an orc on level 8 of the Dungeon)
Wands
 x - a wand of acid (12)
   (You found it on level 6 of the Dungeon)
 C - a wand of iceblast (14)
   (You found it on level 6 of the Dungeon)
 K - a wand of charming (15)
   (You took it off a wight on level 8 of the Dungeon)
 O - a wand of polymorph (6)
   (You took it off an orc on level 8 of the Dungeon)
Scrolls
 b - a scroll of immolation {!r!r}
 f - a scroll of blinking {unknown}
 k - a scroll of magic mapping {unknown}
 m - a scroll of brand weapon {unknown}
 n - 2 scrolls of identify {@r1}
 t - a scroll of noise {unknown}
 w - 4 scrolls of enchant weapon
 z - a scroll of teleportation {unknown}
 L - a scroll of fear {unknown}
Potions
 g - 2 potions of resistance
 j - a potion of berserk rage {unknown}
 o - a potion of degeneration {unknown}
 q - a potion of lignification {!q}
 s - 3 potions of curing {@q1}
 E - a potion of mutation {unknown}
 F - 3 potions of brilliance
 H - a potion of ambrosia {unknown}
 I - a potion of heal wounds {unknown}
 Q - a potion of attraction {unknown}

Dungeon Overview and Level Annotations

Branches:
Dungeon (9/15)             Temple (1/1) D:4             Orc (2/2) D:9
    Elf (0/3) Orc:2
   Lair: D:8-11

Altars:
Ashenzari
Cheibriados
Elyvilon
Fedhas
Gozag
Hepliaklqana
Kikubaaqudgha
Makhleb
Nemelex Xobeh
Okawaru
Qazlal
Ru
Sif Muna
Trog
Uskayaw
Vehumet
Wu Jian
Xom
Yredelemnul
Zin
The Shining One

Shops:
D:7 [   Orc:1 [? Orc:2

[ ...###.#
###.....)........
...##..# #....)....)[...
....##.# .
#.............. ....#..#
.. #..............
.<.....# .รทรท
##..............
.#.....# ...o
#....#..........
..#.#.## #..oo
##...##..........
...####
#..ooo##....#...........
..##
#.o4oโ™ฃ...##...........
### ###
##.34o..##............
..###.## ###.4.##
............ ...#...#
##### ............
..###.## ...........#
..###.## .........)..
...#...#### ............
....#.###.##
.#..........
...##..#...#
...........#


You could see 2 orc knights, an orc high priest (strong), an orange demon
(summoned), an ice devil (summoned), a smoke demon (summoned), a chaos spawn
(summoned), 2 orc sorcerers, 3 orc warriors and an orc priest.


Message History

The orcs go into a battle-frenzy!
The orc wizard moves out of view.
You hear a shout! x2
The orc priest looks satisfied for a moment.
The orc sorcerer points at you and mumbles some strange words.
The bolt of fire hits you! You resist.
The orc knight shoots a bolt.
The bolt hits you!
You hear a shout!
An orc knight comes into view. It is wielding a +0 battleaxe.
The orc sorcerer gestures wildly while chanting.
An orc warrior comes into view. It is wielding a +0 trident.
An orc knight comes into view. It is wielding a +0 great mace.
The orc knight shouts!
The orc knight roars a battlecry!
You hear a shout! x2
You can move again. ๐Ÿ˜• HP[-17]
You take 17 damage, and now have 85/102 hp.
The orc priest mumbles some strange prayers to Beogh against you.
Beogh smites you!
You hear a shout! ๐Ÿ˜ฎ HP[-11]
You take 11 damage, and now have 74/102 hp.
Aiming: Charm
Press: ? - help, Shift-Dir - straight line, f - orc priest
Aim: an orc priest, wielding a +0 flail (strong, chance to affect: 49%)
The orc priest is charmed.
You hear a shout!
The orc warrior hits your orc priest with a +0 glaive of venom!
Your orc priest dies! ๐Ÿ˜ฎ HP[+1]
An orc sorcerer comes into view. It is wielding a +0 dagger.
The orc knight shoots a bolt.
The bolt hits you!
The orc warrior hits you from afar with a +0 glaive of venom!
* * * LOW HITPOINT WARNING * * *
You are poisoned.
The orange demon stings you but does no damage.
You see here a +0 short sword {short}. ๐Ÿ˜จ HP[-26]
You take 26 damage, and now have 49/102 hp.
MASSIVE DAMAGE!! (PAUSE)
There are monsters nearby!
You feel better.
The orc knight shoots a bolt.
The bolt hits you but does no damage.
The orc warrior hits you but does no damage.
You are poisoned.
The orc high priest utters an invocation to Beogh.
The orange demon stings you but does no damage. ๐Ÿ˜ฎ HP[+9]
You regained 9 hp, and now have 58/102 hp.
You feel very sick. ๐Ÿ˜ฎ HP[-2]
You take 2 damage, and now have 56/102 hp.
You are too injured to fight recklessly!
You feel better.
The orc knight shoots a bolt.
You block the bolt.
The orc high priest prays to Beogh. ๐Ÿ˜ฎ HP[+8]
You regained 8 hp, and now have 64/102 hp.
You rampage towards the orange demon!
You hit the orange demon.
You headbutt the orange demon, but do no damage.
The orange demon closely misses you. You furiously retaliate!
You headbutt the orange demon. You block the orange demon's attack.
The orc warrior hits you from afar with a +0 glaive of venom!!
* * * LOW HITPOINT WARNING * * *
You are poisoned. ๐Ÿ˜จ HP[-20]
You take 20 damage, and now have 44/102 hp.
You hit the orc knight but do no damage.
You drain the orc knight. Your headbutt misses the orc knight.
You feel extremely sick.
The orc high priest utters an invocation to Beogh.
The orc knight unwields a +0 arbalest.
The orc knight wields a +0 great mace.
The orc knight hits you with a +0 great mace!!
* * * LOW HITPOINT WARNING * * *
You block the orange demon's attack.
The orange demon closely misses you. ๐Ÿ˜ฑ HP[-37]
You take 37 damage, and now have 7/102 hp.
MASSIVE DAMAGE!! (PAUSE)
You turn into a tree.
Your +0 cloak melds into your body.
Your +0 pair of boots of rampaging melds into your body.
Your +0 plate armour melds into your body.
You no longer feel able to rampage towards enemies.
Your roots penetrate the ground.
* * * LOW HITPOINT WARNING * * *
You feel extremely sick.
The hellwing disappears in a puff of smoke!
The orange demon stings you.
* * * LOW HITPOINT WARNING * * *
The orange demon hits you but does no damage.
You block the orc knight's attack. ๐Ÿ˜ฑ HP[-6]
You now have 153 max hp (+51).
You feel better.
An orc priest comes into view. It is wielding a +0 hand axe.
The orc high priest hits you with a +0 mace!
* * * LOW HITPOINT WARNING * * *
You block the orange demon's attack.
The orange demon hits you but does no damage.
The orc knight hits you with a +0 great mace!
You die...

Skill      XL: |  1  2  3  4  5  6  7  8  9 10 11 |
---------------+----------------------------------+-----
Fighting       | 4 5 6 8 9 10 11 | 11.0
Armour         | 4 5 6 8 9 10 11 | 11.0
Shields        | 4 5 6 7 9 10 11 | 11.0
Long Blades    | 3 4 6 7 8 10 | 10.6

Action                   |  1- 3 |  4- 6 |  7- 9 | 10-12 || total
-------------------------+-------+-------+-------+-------++-------
Melee: Long sword        |    58 |   194 |   214 |       ||   466
       Headbutt          |     9 |    28 |    68 |    58 ||   163
       Short sword       |       |       |   150 |   249 ||   399
       Unarmed           |       |       |       |     2 ||     2
Throw: Boomerang         |     2 |       |       |    32 ||    34
Invok: Berserk           |       |       |     1 |       ||     1
Evoke: Wand              |       |       |       |     1 ||     1
  Use: Scroll            |       |       |       |     5 ||     5
       Potion            |       |       |       |     5 ||     5
Armor: Scale mail        |    17 |       |       |       ||    17
       Plate armour      |    32 |   161 |   232 |   156 ||   581
       Skin              |       |       |       |     5 ||     5
Dodge: Dodged            |    32 |    71 |   116 |    78 ||   297
Block: Buckler           |    13 |    43 |    79 |    77 ||   212

Levels and vault maps discovered:
D:1:      minmay_arrival_diagonal_passages, layout_loops_ring,
          dreamdust_ecumenical_altar_hidden_monk_grotto, st_stairs_11
D:2:      layout_rooms, basic_altar
D:3:      layout_basic, minmay_hedge_maze
D:4:      layout_rooms, led_xom_imps, kennysheep_slug_shrine,
          minmay_temple_entry_overgrown, serial_rivers,
          chequers_serial_rivers_marsh, chequers_serial_rivers_marsh,
          chequers_serial_rivers_micro_a, chequers_serial_rivers_room_a,
          chequers_serial_rivers_marsh, chequers_serial_rivers_micro_c,
          uniq_menkaure, uniq_natasha
D:5:      layout_basic, lemuel_crystal_altar, marbit_many_paths,
          nicolae_zen_rock_garden, kennysheep_cluttered_room, minmay_checkerbox
D:6:      layout_cave_pools, uniq_sigmund
D:7:      layout_basic, grunt_temple_overflow_order_and_chaos_2,
          kiku_gazebo_pond_becter, jmf_multi_god_temple2,
          nicolae_overflow_hidden_temple, serial_shops, shop
D:8:      minmay_bloctagon, layout_basic, jmf_multi_god_temple
D:9:      layout_basic, david_orc_2
Temple:   nicolae_temple_figure_zero
Orc:1:    layout_diamond_mine, serial_shops, shop, nicolae_shop_hallway_plus,
          nicolae_shop_statue_plus, shop, shop, statue_in_the_mist_lemuel,
          uniq_snorg, uniq_erolcha
Orc:2:    grunt_orc_tribal_feast, layout_caves, serial_shops,
          nicolae_lakefront_shop

Notes
Turn   | Place    | Note
-------+----------+-------------------------------------------
     0 | D:1      | Faeu the Minotaur Fighter began the quest for the Orb.
     0 | D:1      | Reached XP level 1. HP: 19/19 MP: 0/0
     0 | D:1      | magus.rc [v1.9.6]
    25 | D:1      | Reached XP level 2. HP: 26/27 MP: 1/1
   327 | D:1      | Reached skill level 4 in Fighting
   327 | D:1      | Reached skill level 4 in Armour
   402 | D:1      | Reached skill level 4 in Shields
   615 | D:1      | Found a faded altar of an unknown god.
   639 | D:1      | Reached skill level 3 in Long Blades
   789 | D:1      | Reached XP level 3. HP: 26/33 MP: 2/2
  1024 | D:2      | Found a glowing golden altar of the Shining One.
  1109 | D:2      | Reached XP level 4. HP: 41/41 MP: 3/3
  1329 | D:2      | Reached XP level 5. HP: 43/47 MP: 4/4
  1361 | D:2      | You fall into a shaft and drop 1 floor!
  1664 | D:3      | Reached skill level 4 in Long Blades
  1946 | D:3      | Reached skill level 5 in Armour
  2258 | D:4      | Found a shimmering altar of Xom.
  2326 | D:4      | Reached skill level 5 in Fighting
  2326 | D:4      | Reached skill level 5 in Shields
  2328 | D:4      | Reached XP level 6. HP: 53/56 MP: 5/5
  2386 | D:4      | Noticed Natasha
  2391 | D:4      | Killed Natasha
  2396 | D:4      | magus.rc [v1.9.6]
  2400 | D:4      | magus.rc [v1.9.6]
  2547 | D:4      | Found a snail-covered altar of Cheibriados.
  2555 | D:4      | Found a staircase to the Ecumenical Temple.
  2611 | D:4      | Noticed Menkaure
  2626 | D:4      | Killed Menkaure
  2627 | D:4      | Reached XP level 7. HP: 21/62 MP: 6/6
  2653 | D:4      | Reached skill level 5 in Long Blades
  2900 | D:4      | Noticed Natasha
  2931 | D:4      | Killed Natasha
  2932 | D:4      | Reached skill level 6 in Fighting
  2932 | D:4      | Reached skill level 6 in Armour
  2932 | D:4      | Reached skill level 6 in Shields
  2981 | D:4      | Noticed Natasha
  2992 | D:4      | Killed Natasha
  3137 | D:5      | Entered Level 5 of the Dungeon
  3172 | Temple   | Entered the Ecumenical Temple
  3257 | Temple   | Became a worshipper of Trog the Wrathful
  3392 | D:5      | Found a white marble altar of Elyvilon.
  3438 | D:5      | Reached skill level 6 in Long Blades
  3438 | D:5      | Reached XP level 8. HP: 53/71 MP: 7/7
  3716 | D:5      | You pick up a book of Changes {forbidden} and begin
                  | reading...
  3716 | D:5      | You add the spells Beastly Appendage, Wereblood and Spider
                  | Form to your library.
  3890 | D:5      | Reached skill level 7 in Fighting
  3890 | D:5      | Reached skill level 7 in Armour
  3890 | D:5      | Reached skill level 7 in Shields
  3913 | D:5      | Reached * piety under Trog
  3995 | D:5      | Found a sparkling altar of Nemelex Xobeh.
  4032 | D:5      | Identified the +4 short sword of Fiobat {drain, rC+++ rN+
                  | Will- Int+4}
  4323 | D:6      | Reached skill level 7 in Long Blades
  4464 | D:6      | You pick up a book of Party Tricks {forbidden} and begin
                  | reading...
  4464 | D:6      | You add the spells Apportation and Alistair's Intoxication
                  | to your library.
  4469 | D:6      | Noticed Sigmund
  4477 | D:6      | Reached skill level 8 in Fighting
  4477 | D:6      | Reached skill level 8 in Armour
  4477 | D:6      | Reached XP level 9. HP: 73/81 MP: 8/8
  4495 | D:6      | Killed Sigmund
  4496 | D:6      | Reached skill level 8 in Shields
  4531 | D:6      | You pick up a book of the Tundra {forbidden} and begin
                  | reading...
  4531 | D:6      | You add the spells Hailstorm, Ice Form and Simulacrum to
                  | your library.
  4863 | D:7      | Found Fil Tura's Armour Shop.
  4892 | D:7      | Found a large runed translucent door.
  4899 | D:7      | Found a large runed translucent door.
  4923 | D:7      | Reached ** piety under Trog
  5056 | D:7      | Reached skill level 8 in Long Blades
  5100 | D:7      | Found a burning altar of Makhleb.
  5104 | D:7      | Found a glowing silver altar of Zin.
  5104 | D:7      | Noticed an angel
  5105 | D:7      | Noticed an Executioner
  5221 | D:7      | Found an ancient bone altar of Kikubaaqudgha.
  5308 | D:7      | Found a radiant altar of Vehumet.
  5414 | D:7      | Found a sacrificial altar of Ru.
  5428 | D:7      | Found a hazy altar of Hepliaklqana.
  5840 | D:8      | Found a shimmering blue altar of Sif Muna.
  5851 | D:8      | Found a broken altar of Ashenzari.
  5861 | D:8      | You pick up a book of Cantrips {forbidden} and begin
                  | reading...
  5861 | D:8      | You add the spells Animate Skeleton and Summon Small Mammal
                  | to your library.
  5917 | D:8      | Noticed a troll
  5918 | D:8      | Noticed a two-headed ogre
  5933 | D:8      | Killed a troll
  5934 | D:8      | Reached skill level 9 in Armour
  5934 | D:8      | Reached skill level 9 in Shields
  5942 | D:8      | Killed a two-headed ogre
  5943 | D:8      | Reached skill level 9 in Fighting
  5949 | D:8      | Reached XP level 10. HP: 60/91 MP: 9/9
  5954 | D:8      | Reached skill level 9 in Long Blades
  5984 | D:9      | Found a staircase to the Orcish Mines.
  6000 | D:9      | HP: 21/91 [orc warrior/+0 glaive (7)]
  6005 | D:9      | Reached *** piety under Trog
  6268 | D:8      | Noticed a cyan ugly thing
  6283 | D:8      | Killed a cyan ugly thing
  6284 | D:8      | Reached skill level 10 in Fighting
  6284 | D:8      | Reached skill level 10 in Armour
  6284 | D:8      | Reached skill level 10 in Shields
  6431 | D:8      | Reached skill level 10 in Long Blades
  6948 | D:8      | You pick up a book of Dreams {forbidden} and begin
                  | reading...
  6948 | D:8      | You add the spells Ensorcelled Hibernation and Anguish to
                  | your library.
  7080 | Orc:1    | Entered Level 1 of the Orcish Mines
  7080 | Orc:1    | Found Pialed's Magic Scroll Emporium.
  7080 | Orc:1    | Found Cealiatz's Antique Armour Shoppe.
  7224 | Orc:1    | Bought a leather armour for 68 gold pieces
  7243 | Orc:2    | Entered Level 2 of the Orcish Mines
  7380 | Orc:2    | Noticed a two-headed ogre
  7388 | Orc:2    | Killed a two-headed ogre
  7440 | Orc:2    | Reached **** piety under Trog
  7449 | Orc:2    | Reached XP level 11. HP: 97/101 MP: 10/10
  7477 | Orc:2    | Noticed an orc knight
  7496 | Orc:2    | Killed an orc knight
  7532 | Orc:2    | Found Dyetior's Antique Armour Shop.
  7541 | Orc:2    | Bought a pair of runed boots for 180 gold pieces
  7635 | Orc:2    | Reached skill level 11 in Fighting
  7635 | Orc:2    | Reached skill level 11 in Armour
  7635 | Orc:2    | Reached skill level 11 in Shields
  7800 | Orc:2    | Found a staircase to the Elven Halls.
  7966 | Orc:2    | Noticed an orc high priest
  7966 | Orc:2    | Noticed an orc knight
  7966 | Orc:2    | Noticed an orc sorcerer
  7968 | Orc:2    | Paralysed by an orc sorcerer for 5 turns
  7970 | Orc:2    | Noticed an orc knight
  7970 | Orc:2    | Noticed an orc knight
  7975 | Orc:2    | Noticed an orc sorcerer
  7980 | Orc:2    | HP: 7/102 [orc knight/+0 great mace (31)]
  7981 | Orc:2    | HP: 1/153 [orange demon[an orc sorcerer] (4)]
  7982 | Orc:2    | Mangled by an orc knight

Vanquished Creatures
  2 two-headed ogres
  An orc knight (Orc:2)
  An ugly thing (D:8)
  2 trolls
  A vampire (D:8)
  Sigmund (D:6)
  A wyvern (D:9)
  A wraith (D:8)
  6 yaks (D:8)
  Menkaure (D:4)
  2 steam dragons
  A water moccasin (D:8)
  7 orc warriors
  An ice beast (D:7)
  A sky beast (D:5)
  A black bear (D:6)
  2 ogres
  3 necrophages
  4 centaurs
  A phantom (D:5)
  2 kobold brigands
  2 bullfrogs (D:8)
  2 gnoll sergeants
  2 scorpions
  A water moccasin skeleton (D:5)
  4 wights (D:8)
  2 howler monkeys (D:8)
  4 centaur zombies
  4 crimson imps
  2 hounds
  2 bullfrog zombies (D:6)
  A gnoll shaman (D:7)
  4 orc priests
  2 bullfrog skeletons
  A centaur skeleton (D:4)
  3 iguanas
  Natasha (thrice) (D:4)
  11 orc wizards
  A howler monkey zombie (D:8)
  12 adders
  22 gnolls
  A howler monkey skeleton (D:6)
  A white imp (D:3)
  An adder skeleton (D:5)
  2 dart slugs
  55 orcs
  10 ball pythons
  6 bats
  9 endoplasms
  2 giant cockroaches
  5 goblins
  2 hobgoblins
  8 jackals
  2 kobolds
  4 quokkas
  5 frilled lizards
  3 rats
243 creatures vanquished.

Vanquished Creatures (others)
  An orc priest (Orc:2)
  2 orc wizards (D:8)
  4 plants (D:4)
7 creatures vanquished.

Grand Total: 250 creatures vanquished

Table legend:
 A = Non-vault XP
 B = Vault XP
 C = Vault XP percentage of total XP
 D = Non-vault monster count
 E = Vault monster count
 F = Vault count percentage of total count
                 A         B        C        D         E       F
            +---------+---------+-------+---------+---------+-------
      Total |    7004 |    4992 |  41.6 |     188 |      56 |  23.0
            +---------+---------+-------+---------+---------+-------
        D:1 |      38 |       5 |  11.6 |      20 |       3 |  13.0
        D:2 |     162 |       0 |   0.0 |      25 |       0 |   0.0
        D:3 |      98 |       0 |   0.0 |      22 |       0 |   0.0
        D:4 |     358 |     357 |  49.9 |      21 |       6 |  22.2
        D:5 |    1025 |     111 |   9.8 |      33 |       5 |  13.2
        D:6 |     828 |     223 |  21.2 |      18 |       1 |   5.3
        D:7 |     576 |     136 |  19.1 |      13 |       3 |  18.8
        D:8 |    2183 |    2754 |  55.8 |      22 |      15 |  40.5
        D:9 |     205 |     366 |  64.1 |       1 |      10 |  90.9
      Orc:1 |     430 |       0 |   0.0 |       5 |       0 |   0.0
      Orc:2 |    1101 |    1040 |  48.6 |       8 |      13 |  61.9
            +---------+---------+-------+---------+---------+-------

Illustrated notes

Table legend:
 A = Kills in this place as a percentage of kills in entire the game.
 B = Kills by you in this place as a percentage of kills by you in the entire game.
 C = Kills by friends in this place as a percentage of kills by friends in the entire game.
 D = Other kills in this place as a percentage of other kills in the entire game.
 E = Experience gained in this place as a percentage of experience gained in the entire game.
 F = Experience gained in this place divided by the number of levels of this place that you have seen.
                   A       B       C       D       E      F
               +-------+-------+-------+-------+-------+----------------------
         Total | 100.0 | 100.0 |   N/A | 100.0 | 100.0 | 999.7
       Dungeon |  89.3 |  89.3 |   N/A | 100.0 |  78.6 | 1047.2
  Orcish Mines |  10.7 |  10.7 |   N/A |   0.0 |  21.4 | 1285.5
               +-------+-------+-------+-------+-------+----------------------

Table legend: (Time is in decaauts)
 A = Elapsed time spent in this place.
 B = Non-inter-level travel time spent in this place.
 C = Inter-level travel time spent in this place.
 D = Time resting spent in this place.
 E = Time spent auto-exploring this place.
 F = Levels seen in this place.
 G = Mean time per level.
                   A        B        C        D        E       F      G
               +--------+--------+--------+--------+--------+-----+--------+
         Total |   8069 |   7664 |    405 |    114 |   4324 |  12 |  672.4 |
       Dungeon |   7071 |   6668 |    403 |    114 |   4009 |   9 |  785.7 |
        Temple |     99 |     99 |      0 |      0 |      0 |   1 |   99.0 |
  Orcish Mines |    897 |    897 |      0 |      0 |    315 |   2 |  448.5 |
               +--------+--------+--------+--------+--------+-----+--------+

Top non-repeatable levels by time:
     D:8: 1252 daAuts
     D:1: 1038 daAuts
     D:4: 982 daAuts
     D:5: 957 daAuts
     D:3: 905 daAuts
     D:7: 810 daAuts
   Orc:2: 699 daAuts
     D:6: 630 daAuts
     D:2: 352 daAuts
   Orc:1: 198 daAuts
     D:9: 142 daAuts
  Temple: 99 daAuts
